 Dungeon Crawl Stone Soup version 0.28.0-53-g5a82cb258f (webtiles) character file.

Game seed: 88234795441099238

777 DocClef the Slicer (level 7, -4/35 HPs)
             Began as a Vine Stalker Fighter on July 6, 2022.
             Shot with an arrow by a centaur (8 damage)
             ... on level 5 of the Dungeon.
             The game lasted 00:04:18 (3902 turns).

DocClef the Slicer (Vine Stalker Fighter)           Turns: 3902, Time: 00:04:19

Health: -4/35      AC:  9    Str: 21    XL:     7   Next: 84%
Magic:  0/8        EV: 13    Int:  8    God:
Gold:   258        SH:  5    Dex: 19    Spells: 6/6 levels left

rFire   . . .      SeeInvis .   a - +0 rapier
rCold   . . .      Faith    .   c - +0 buckler
rNeg    . . .      Spirit   +   b - +0 scale mail
rPois   .          Reflect  .   (no helmet)
rElec   .          Harm     .   j - +2 cloak
rCorr   .          Rampage  .   (no gloves)
Will    .....                   (no boots)
Stlth   ..........              u - amulet of regeneration
HPRegen 1.71/turn               m - +4 ring of evasion
MPRegen 0.11/turn               p - +6 ring of dexterity

@: mighty
A: fangs 2, regeneration 1, magic shield, antimagic bite, no potion heal 2
a: no special abilities


You were on level 5 of the Dungeon.
You visited 1 branch of the dungeon, and saw 5 of its levels.

You collected 258 gold pieces.

Inventory:

Hand Weapons
 a - a +0 rapier (weapon)
Missiles
 q - 3 javelins (quivered)
Armour
 b - a +0 scale mail (worn)
 c - a +0 buckler (worn)
 j - a +2 cloak (worn)
Jewellery
 m - a +4 ring of evasion (left hand)
 p - a +6 ring of dexterity (right hand)
 r - a ring of protection from fire
 u - an amulet of regeneration (around neck)
Scrolls
 e - 2 scrolls of torment {unknown}
 f - a scroll of blinking {unknown}
 g - a scroll of amnesia {unknown}
 h - 2 scrolls of identify {unknown}
 k - a scroll of silence {unknown}
 n - a scroll of enchant armour {unknown}
 o - a scroll of immolation {unknown}
Potions
 d - a potion of might
 i - 4 potions of attraction {unknown}
 l - 2 potions of invisibility {unknown}
 s - a potion of haste {unknown}
 t - a potion of mutation {unknown}
 v - 2 potions of brilliance {unknown}


   Skills:
 - Level 2.6 Fighting
 + Level 8.0 Short Blades
 - Level 2.4 Armour
 - Level 2.6 Shields


You had 6 spell levels left.
You didn't know any spells.
Your spell library was empty.

Dungeon Overview and Level Annotations

Branches:
Dungeon (5/15)
 Temple: D:4-7

Altars:
Uskayaw

Shops:
D:1 (

Annotations:
D:3 3 runed translucent doors, DocClef's ghost, weakling VSFi; Ghugh's ghost, weakling MiAK; Sin92's ghost, amateur DsFi; helpvisa's ghost, weakling MiHu
D:5 Duvessa; Prince Ribbit


Innate Abilities, Weirdness & Mutations

You have extremely sharp teeth.
Your natural rate of healing is unusually fast.
When hurt, damage is shared between your health and your magic reserves.
Your bite disrupts and absorbs the magic of your enemies.
Potions cannot restore your health.


Message History

You block the jackal's attack.
You closely miss the jackal. Your bite misses the jackal.
The jackal is severely wounded.
The jackal bites you but does no damage.
You hit the jackal but do no damage.
The jackal is severely wounded.
The jackal bites you.
Unknown command.
You hit the jackal.
The jackal is almost dead.
The jackal barely misses you.
The jackal bites you but does no damage.
You barely miss the jackal.
The jackal is almost dead.
You block the jackal's attack.
You puncture the jackal!
You kill the jackal!
The centaur shoots an arrow.
The arrow misses you.
Prince Ribbit blinks!
You miss something. You bite something. You drain its power.
You feel invigorated.
The centaur shoots an arrow.
You block the arrow.
Duvessa says, "Where magic fails, the sword succeeds!"
You barely miss something. Your bite misses something.
Something completely misses you.
The centaur shoots an arrow.
The arrow hits you.
Prince Ribbit asks, "Just a little smooch?"
You hit something. Your bite misses something. Something hits you.
Something shocks you.
The centaur shoots an arrow.
You closely miss something.
The centaur shoots an arrow.
The arrow hits you. Something hits you. Something shocks you.
You closely miss something. Your bite misses something.
Prince Ribbit blinks!
The centaur shoots an arrow.
The arrow hits you! Something hits you. Something shocks you.
* * * LOW HITPOINT WARNING * * *
The centaur shoots an arrow.
The arrow hits you.
* * * LOW HITPOINT WARNING * * *
You are too injured to fight recklessly!
Unknown command.
You feel very mighty all of a sudden.
The centaur shoots an arrow.
The arrow hits you!
You die...

#...................
.
#...c..#...#.#.#####
# ####.#.###........
#..h....#.#.###
###e#####.#... #h#
#.# #.. #c# #.. ..#
#†# ## .# #@# #.#
#.# #.# #.# #.# #.#
#..


You could see Duvessa, a centaur, a hound and a jackal.

Vanquished Creatures
  An ogre (D:5)
  2 black bears (D:4)
  A water moccasin skeleton (D:4)
  2 orc priests (D:4)
  A centaur skeleton (D:4)
  2 hounds (D:4)
  A jelly (D:5)
  3 iguanas (D:4)
  Natasha (twice) (D:4)
  An orc wizard (D:4)
  A gnoll (D:4)
  3 adders
  An adder skeleton (D:4)
  2 worms
  3 dart slugs
  8 orcs
  7 ball pythons
  9 bats
  9 endoplasms
  5 giant cockroaches
  8 goblins
  7 hobgoblins
  A jackal (D:5)
  6 quokkas
  2 frilled lizards
  9 kobolds
  4 rats
101 creatures vanquished.

Notes
Turn   | Place    | Note
-------+----------+-------------------------------------------
     0 | D:1      | DocClef the Vine Stalker Fighter began the quest for the
                  | Orb.
     0 | D:1      | Reached XP level 1. HP: 11/11 MP: 2/2
    74 | D:1      | Reached skill level 2 in Short Blades
   173 | D:1      | Reached XP level 2. HP: 13/16 MP: 3/3
   346 | D:1      | Found Jekkoot's Weapon Shop.
   907 | D:2      | Reached skill level 3 in Short Blades
   987 | D:2      | Reached XP level 3. HP: 19/19 MP: 4/4
  1090 | D:2      | Found a hide-covered altar of Uskayaw.
  1120 | D:2      | Found a faded altar of an unknown god.
  2135 | D:3      | Gained mutation: Your natural rate of healing is unusually
                  | fast. [Vine Stalker growth]
  2135 | D:3      | Reached XP level 4. HP: 18/23 MP: 5/5
  2212 | D:3      | Found a runed translucent gate.
  2212 | D:3      | Found a runed translucent gate.
  2215 | D:3      | Found a runed translucent gate.
  2215 | D:3      | Noticed Sin92's ghost (amateur DsFi)
  2215 | D:3      | Noticed helpvisa's ghost (weakling MiHu)
  2217 | D:3      | Noticed Ghugh's ghost (weakling MiAK)
  2217 | D:3      | Noticed DocClef's ghost (weakling VSFi)
  2217 | D:3      | Noticed Sin92's ghost (amateur DsFi)
  2342 | D:3      | Reached skill level 4 in Short Blades
  2867 | D:4      | Reached XP level 5. HP: 22/27 MP: 6/6
  2892 | D:4      | Noticed a black bear
  2901 | D:4      | Killed a black bear
  2902 | D:4      | Reached skill level 5 in Short Blades
  2952 | D:4      | Noticed Natasha
  2959 | D:4      | Killed Natasha
  2960 | D:4      | Reached XP level 6. HP: 32/32 MP: 7/7
  3030 | D:4      | Noticed a black bear
  3040 | D:4      | Killed a black bear
  3041 | D:4      | Reached skill level 6 in Short Blades
  3088 | D:4      | Noticed Natasha
  3093 | D:4      | Killed Natasha
  3232 | D:4      | Reached XP level 7. HP: 35/35 MP: 8/8
  3367 | D:4      | Reached skill level 7 in Short Blades
  3762 | D:5      | Entered Level 5 of the Dungeon
  3831 | D:5      | Reached skill level 8 in Short Blades
  3870 | D:5      | Noticed Prince Ribbit
  3874 | D:5      | Noticed Duvessa
  3902 | D:5      | Shot with an arrow by a centaur

Illustrated notes

Levels and vault maps discovered:
D:1:      heliophobic_arrival_henge, layout_basic, serial_shops,
          nicolae_shop_crystal
D:2:      minmay_chambers_of_twos, layout_basic,
          hellmonk_ecumenical_altar_zigzags, basic_altar
D:3:      layout_loops_ring, gammafunk_ghost_cemetery
D:4:      minmay_chambers_of_threes, layout_basic, uniq_natasha
D:5:      layout_basic, uniq_duvessa, uniq_prince_ribbit1

Skill      XL: |  1  2  3  4  5  6  7 |
---------------+----------------------+-----
Short Blades   | 2 3 4 5 6 8 |  8.0
Fighting       | |  2.6
Armour         | |  2.4
Shields        | |  2.6

Action                   |  1- 3 |  4- 6 |  7- 9 || total
-------------------------+-------+-------+-------++-------
Melee: Rapier            |   122 |   106 |    92 ||   320
       Bite              |    22 |    26 |    25 ||    73
  Use: Potion            |       |       |     1 ||     1
Armor: Scale mail        |    54 |    40 |    27 ||   121
Dodge: Dodged            |    44 |    54 |    53 ||   151
Block: Buckler           |    22 |    26 |    23 ||    71
